Mulligans vs Mustangs
(R1)
Created - November 12, 2020 at 19:34
Goals
|
| Mulligans |
0 |
1 |
1 |
0 |
0 |
2 |
| Mustangs |
0 |
1 |
1 |
0 |
1 |
3 |
|
Shots
|
| Mulligans |
11 |
12 |
15 |
0 |
3 |
38 |
| Mustangs |
14 |
7 |
7 |
1 |
2 |
29 |
|
1st period
No Goal
Penalties :
No Penalty
2nd period
1. Mustangs , Craig Smith 2 (Scott Mayfield 6) at 0:09
2. Mulligans , Jonny Brodzinski 3 (Conor Garland 3, Brett Seney 2) at 16:27
Penalties :
Craig Smith (Ham) for Tripping (Minor) at 6:34, Antti Suomela (Ham) for Slashing (Minor) at 11:40
3rd period
3. Mustangs , Antti Suomela 1 (Jordan Schmaltz 3) at 3:18
4. Mulligans , Sven Baertschi 8 (Robbie Russo 3, Ilya Lyubushkin 1) at 19:00
Penalties :
Andrew O'Brien (Ham) for Interference (Minor) at 9:17, Scott Mayfield (Ham) for Hooking (Minor) at 19:03
Overtime #1
No Goal
Penalties :
No Penalty
Shootout
Mulligans, Anton Lander - Stopped by Connor Hellebyuk
Mustangs, Craig Smith - Goal!
Mulligans, Logan Shaw - Stopped by Connor Hellebyuk
Mustangs, Josh Jooris - Stopped by Juuse Saros
Mulligans, Maxime Macenauer - Stopped by Connor Hellebyuk
Penalties :
No Penalty
Goalie Stats
Juuse Saros (Rep), 27 saves from 29 shots - (0.931), OTL, 0-2-1, 64:48 minutes
Connor Hellebyuk (Ham), 36 saves from 38 shots - (0.947), W, 2-3-0, 65:00 minutes
Players Stats for Mulligans
Player Name G A P +/- PIM S H SB GA TA FO MP PP MP PK MP
------------------------------------------------------------------------------------
Anton Lander 0 0 0 0 0 3 1 0 0 0 18/36 22:54 4:08 0:00
Ben Hutton 0 0 0 -2 0 0 1 1 2 0 0/0 27:59 4:33 0:00
Brandon Carlo 0 0 0 -2 0 1 1 1 0 0 0/0 24:51 4:33 0:00
Brett Seney 0 1 1 1 0 2 1 0 0 0 0/0 10:02 0:00 0:00
Christian Wolanin 0 0 0 0 0 0 0 0 0 0 0/0 4:02 0:00 0:00
Conor Garland 0 1 1 1 0 1 2 0 0 0 0/0 10:02 0:00 0:00
Dalton Thrower 0 0 0 0 0 1 5 0 0 0 0/0 21:33 2:20 0:00
Darren Dietz 0 0 0 0 0 2 1 1 2 0 0/0 21:33 2:20 0:00
Ilya Lyubushkin 0 1 1 2 0 1 1 0 1 1 0/0 15:01 0:00 0:00
Jonny Brodzinski 1 0 1 1 0 2 0 0 0 0 0/2 10:02 0:00 0:00
Joonas Donskoi 0 0 0 -1 0 3 1 0 0 0 1/2 14:33 2:45 0:00
Logan Shaw 0 0 0 0 0 5 2 0 1 0 0/1 22:50 4:08 0:00
Maxime Macenauer 0 0 0 0 0 5 2 0 0 0 6/11 18:09 2:45 0:00
Reid Boucher 0 0 0 -1 0 1 0 0 0 0 0/0 12:35 0:00 0:00
Robbie Russo 0 1 1 2 0 0 0 1 0 0 0/0 15:01 0:00 0:00
Robby Fabbri 0 0 0 -1 0 2 3 0 1 0 2/5 13:44 0:00 0:00
Sam Bennett 0 0 0 0 0 3 4 0 1 0 0/1 17:03 2:45 0:00
Sven Baertschi 1 0 1 0 0 5 0 1 1 0 0/2 21:58 4:08 0:00
Valeri Nichushkin 0 0 0 0 0 1 0 0 0 0 1/1 16:08 0:00 0:00
Players Stats for Mustangs
Player Name G A P +/- PIM S H SB GA TA FO MP PP MP PK MP
------------------------------------------------------------------------------------
Andrew O'Brien 0 0 0 0 2 1 1 0 0 0 0/0 20:33 0:00 2:12
Anthony Beauvillier 0 0 0 0 0 1 0 0 0 0 0/0 7:20 0:00 1:14
Antti Suomela 1 0 1 1 2 2 0 3 0 0 9/15 16:48 0:00 0:18
Chrstian Dvorak 0 0 0 1 0 2 4 0 0 0 0/1 16:12 0:00 0:00
Craig Smith 1 0 1 -1 2 3 2 0 0 2 5/10 25:47 0:00 3:41
Curtis Hamilton 0 0 0 0 0 1 0 0 0 0 1/2 15:19 0:00 1:39
Dakota Mermis 0 0 0 0 0 1 1 2 0 0 0/0 17:07 0:00 1:50
Danny Biega 0 0 0 0 0 0 0 0 0 1 0/0 14:57 0:00 0:00
Denis Malgin 0 0 0 0 0 0 1 0 0 0 2/4 12:56 0:00 0:00
Henrik Samuelsson 0 0 0 -1 0 3 1 0 0 0 12/22 18:40 0:00 0:48
Jonathan Drouin 0 0 0 -1 0 4 5 0 0 0 2/2 20:15 0:00 1:30
Jordan Schmaltz 0 1 1 0 0 2 1 0 0 1 0/0 21:25 0:00 2:43
Josh Jooris 0 0 0 1 0 5 4 0 0 1 1/1 21:59 0:00 4:09
Mark Stone 0 0 0 0 0 0 2 0 1 0 0/2 15:19 0:00 1:30
Max Gortz 0 0 0 0 0 0 0 0 0 0 1/2 4:29 0:00 0:00
Nick Schmaltz 0 0 0 0 0 2 1 0 0 1 0/0 6:35 0:00 0:00
Scott Mayfield 0 1 1 0 2 1 2 3 0 2 0/0 27:41 0:00 3:54
Will Butcher 0 0 0 0 0 1 1 3 0 1 0/0 28:38 0:00 5:13
3 Stars
1 - Connor Hellebyuk (Ham)
2 - Jonny Brodzinski (Rep)
3 - Antti Suomela (Ham)
Power Play
Mulligans - 0 on 4 Attempt(s) - 0.00%
Mustangs - 0 on 0 Attempt(s) - 0.00%
Penalty Kill
Mulligans - 0 on 0 Attempt(s) - 0.00%
- Score 0 goal in Penalty Kill
Mustangs - 4 on 4 Attempt(s) - 100.00%
- Score 0 goal in Penalty Kill
Team Stat
Mulligans - Hits : 25 - Faceoff Wins : 28 - Blocked Shots : 5 - Penalty Minutes : 0
Mustangs - Hits : 26 - Faceoff Wins : 33 - Blocked Shots : 11 - Penalty Minutes : 8
Official
Referees : Unknown
Linesman : Unknown
Game Notes
No Game Note
Finance
Level 1 -- Attendance: 1410 (70.50%) -- Ticket Income $56,400
Level 2 -- Attendance: 728 (72.80%) -- Ticket Income $14,560
Total Attendance: 2138 (71.27%)
Total Ticket Income: $70,960
Other Income: $3,548
Total Income: $74,508
Mulligans
5 vs 5 Forward
Center Left Wing Right Wing Time % Phy DF OF
1 Anton Lander Sven Baertschi Logan Shaw 40 0 2 3
2 Maxime Macenauer Sam Bennett Valeri Nichushkin 30 0 2 3
3 Robby Fabbri Reid Boucher Joonas Donskoi 20 0 2 3
4 Jonny Brodzinski Brett Seney Conor Garland 10 1 2 2
5 vs 5 Defense
Defense Defense Time % Phy DF OF
1 Ben Hutton Brandon Carlo 40 1 3 1
2 Darren Dietz Dalton Thrower 30 1 3 1
3 Ilya Lyubushkin Robbie Russo 20 1 3 1
4 Christian Wolanin Ben Hutton 10 1 2 2
PowerPlay Forward
Center Left Wing Right Wing Time % Phy DF OF
1 Anton Lander Sven Baertschi Logan Shaw 60 0 1 4
2 Maxime Macenauer Sam Bennett Joonas Donskoi 40 0 1 4
PowerPlay Defense
Defense Defense Time % Phy DF OF
1 Ben Hutton Brandon Carlo 60 0 2 3
2 Darren Dietz Dalton Thrower 40 0 2 3
Penalty Kill 4 Players Forward
Center Wing Time % Phy DF OF
1 Anton Lander Logan Shaw 60 1 2 2
2 Maxime Macenauer Sven Baertschi 40 1 2 2
Penalty Kill 4 Players Defense
Defense Defense Time % Phy DF OF
1 Ben Hutton Brandon Carlo 60 1 2 2
2 Darren Dietz Dalton Thrower 40 1 2 2
Penalty Kill - 3 Players Forward
Forward Time % Phy DF OF
1 Anton Lander 60 1 2 2
2 Logan Shaw 40 1 2 2
Penalty Kill - 3 Players Defense
Defense Defense Time % Phy DF OF
1 Ben Hutton Brandon Carlo 60 1 2 2
2 Darren Dietz Dalton Thrower 40 1 2 2
4 vs 4 Forward
Center Wing Time % Phy DF OF
1 Anton Lander Logan Shaw 60 1 2 2
2 Maxime Macenauer Sven Baertschi 40 1 2 2
4 vs 4 Defense
Defense Defense Time % Phy DF OF
1 Ben Hutton Brandon Carlo 60 1 2 2
2 Darren Dietz Dalton Thrower 40 1 2 2
Last Minutes Offensive
Center Left Wing Right Wing Defense Defense
Anton Lander Sven Baertschi Logan Shaw Ben Hutton Brandon Carlo
Last Minutes Defensive
Center Left Wing Right Wing Defense Defense
Anton Lander Sven Baertschi Logan Shaw Ben Hutton Brandon Carlo
Goaltenders
Starting : Juuse Saros
Backup : Calvin Pickard
Extra Forwards
Normal : Robby Fabbri, Valeri Nichushkin, Reid Boucher - PP : Robby Fabbri, Valeri Nichushkin - PK : Reid Boucher
Extra Defensemen
Normal : Ilya Lyubushkin, Robbie Russo, Christian Wolanin - PP : Ilya Lyubushkin - PK : Robbie Russo, Christian Wolanin
Penalty Shots
Anton Lander, Logan Shaw, Maxime Macenauer, Sven Baertschi, Joonas Donskoi
Scratches
Cristiano Digiacinto (Healthy)
Mustangs
5 vs 5 Forward
Center Left Wing Right Wing Time % Phy DF OF
1 Henrik Samuelsson Jonathan Drouin Craig Smith 40 1 2 2
2 Antti Suomela Chrstian Dvorak Josh Jooris 30 1 2 2
3 Denis Malgin Curtis Hamilton Mark Stone 20 1 2 2
4 Craig Smith Anthony Beauvillier Nick Schmaltz 10 1 2 2
5 vs 5 Defense
Defense Defense Time % Phy DF OF
1 Will Butcher Scott Mayfield 40 1 2 2
2 Jordan Schmaltz Andrew O'Brien 30 1 2 2
3 Danny Biega Dakota Mermis 20 1 2 2
4 Will Butcher Scott Mayfield 10 1 2 2
PowerPlay Forward
Center Left Wing Right Wing Time % Phy DF OF
1 Henrik Samuelsson Jonathan Drouin Craig Smith 60 1 2 2
2 Antti Suomela Chrstian Dvorak Josh Jooris 40 1 2 2
PowerPlay Defense
Defense Defense Time % Phy DF OF
1 Will Butcher Scott Mayfield 60 1 2 2
2 Jordan Schmaltz Andrew O'Brien 40 1 2 2
Penalty Kill 4 Players Forward
Center Wing Time % Phy DF OF
1 Craig Smith Josh Jooris 60 1 2 2
2 Mark Stone Jonathan Drouin 40 1 2 2
Penalty Kill 4 Players Defense
Defense Defense Time % Phy DF OF
1 Will Butcher Scott Mayfield 60 1 2 2
2 Jordan Schmaltz Andrew O'Brien 40 1 2 2
Penalty Kill - 3 Players Forward
Forward Time % Phy DF OF
1 Craig Smith 60 1 2 2
2 Josh Jooris 40 1 2 2
Penalty Kill - 3 Players Defense
Defense Defense Time % Phy DF OF
1 Will Butcher Scott Mayfield 60 1 2 2
2 Jordan Schmaltz Andrew O'Brien 40 1 2 2
4 vs 4 Forward
Center Wing Time % Phy DF OF
1 Craig Smith Josh Jooris 60 1 2 2
2 Mark Stone Jonathan Drouin 40 1 2 2
4 vs 4 Defense
Defense Defense Time % Phy DF OF
1 Will Butcher Scott Mayfield 60 1 2 2
2 Jordan Schmaltz Andrew O'Brien 40 1 2 2
Last Minutes Offensive
Center Left Wing Right Wing Defense Defense
Henrik Samuelsson Jonathan Drouin Craig Smith Will Butcher Scott Mayfield
Last Minutes Defensive
Center Left Wing Right Wing Defense Defense
Henrik Samuelsson Jonathan Drouin Craig Smith Will Butcher Scott Mayfield
Goaltenders
Starting : Connor Hellebyuk
Backup : Anthony Stolarz
Extra Forwards
Normal : Max Gortz, Nick Schmaltz, Curtis Hamilton - PP : Max Gortz, Nick Schmaltz - PK : Curtis Hamilton
Extra Defensemen
Normal : Danny Biega, Dakota Mermis, Jordan Schmaltz - PP : Danny Biega - PK : Dakota Mermis, Jordan Schmaltz
Penalty Shots
Craig Smith, Josh Jooris, Mark Stone, Jonathan Drouin, Henrik Samuelsson
Scratches
Matthew Finn (Healthy), Raphael Bussieres (Healthy), Sam Kurker (Healthy), Iven Barbashev (Left Foot Injury), Josh Ho-Sang (Healthy)
Brett Pollock (Healthy), Steven Spinner (Healthy), Jason Missiaen (Healthy)
% Time on Ice - Mulligans
Lines # - Real PCT - Wanted PCT - Time Play
Normal Forward
1 - 31% - 40% - 16:28
2 - 27% - 30% - 14:18
3 - 23% - 20% - 12:03
4 - 19% - 10% - 10:02
Normal Defense
1 - 34% - 40% - 17:45
2 - 32% - 30% - 16:54
3 - 27% - 20% - 14:10
4 - 8% - 10% - 4:02
PP Forward
1 - 60% - 60% - 4:08
2 - 40% - 40% - 2:45
PP Defense
1 - 66% - 60% - 4:33
2 - 34% - 40% - 2:20
PK Forward
1 - 0% - 60%
2 - 0% - 40%
PK Defense
1 - 0% - 60%
2 - 0% - 40%
PK3 Forward
1 - 0% - 60%
2 - 0% - 40%
PK3 Defense
1 - 0% - 60%
2 - 0% - 40%
44 Forward
1 - 78% - 60% - 3:55
2 - 22% - 40% - 1:05
44 Defense
1 - 42% - 60% - 2:06
2 - 58% - 40% - 2:54
Last Minute Offensive - 0:16
Last Minute Defensive - 0:00
Total
Forward - 65:00
Defense - 65:00
|
% Time on Ice - Mustangs
Lines # - Real PCT - Wanted PCT - Time Play
Normal Forward
1 - 34% - 40% - 17:56
2 - 31% - 30% - 16:12
3 - 24% - 20% - 12:56
4 - 11% - 10% - 5:48
Normal Defense
1 - 36% - 40% - 19:14
2 - 32% - 30% - 16:59
3 - 27% - 20% - 14:11
4 - 5% - 10% - 2:28
PP Forward
1 - 0% - 60%
2 - 0% - 40%
PP Defense
1 - 0% - 60%
2 - 0% - 40%
PK Forward
1 - 78% - 60% - 5:23
2 - 22% - 40% - 1:30
PK Defense
1 - 66% - 60% - 4:34
2 - 34% - 40% - 2:19
PK3 Forward
1 - 100% - 60% - 1:03
2 - 0% - 40% - 0:00
PK3 Defense
1 - 62% - 60% - 0:39
2 - 38% - 40% - 0:24
44 Forward
1 - 78% - 60% - 3:04
2 - 22% - 40% - 0:53
44 Defense
1 - 57% - 60% - 2:14
2 - 43% - 40% - 1:43
Last Minute Offensive - 0:00
Last Minute Defensive - 0:15
Total
Forward - 65:00
Defense - 65:00
|
Play-by-Play
1st period
0:01 of 1st period - Henrik Samuelsson wins face-off versus Anton Lander in neutral zone.
0:41 of 1st period - Snap shot by Sven Baertschi.
0:41 of 1st period - Shot Blocked by Scott Mayfield.
1:36 of 1st period - Snap shot by Curtis Hamilton.
1:36 of 1st period - Stopped by Juuse Saros with a rebound.
1:38 of 1st period - Slapshot by Scott Mayfield.
1:38 of 1st period - Stopped by Juuse Saros with a rebound.
1:40 of 1st period - Wrist shot by Will Butcher.
1:40 of 1st period - Deflect By Darren Dietz.
1:40 of 1st period - Stopped by Juuse Saros without a rebound.
1:41 of 1st period - Antti Suomela wins face-off versus Maxime Macenauer in Mulligans zone.
1:52 of 1st period - Andrew O'Brien is hit by Sam Bennett and loses puck.
2:07 of 1st period - Reid Boucher is hit by Craig Smith and loses puck.
2:16 of 1st period - Snap shot by Reid Boucher.
2:16 of 1st period - Deflect By Robby Fabbri.
2:16 of 1st period - Stopped by Connor Hellebyuk with a rebound.
2:32 of 1st period - Wrist shot by Nick Schmaltz.
2:32 of 1st period - Shot Blocked by Ben Hutton.
2:34 of 1st period - Wrist shot by Craig Smith.
2:34 of 1st period - Shot Misses the Net.
2:46 of 1st period - Dakota Mermis is hit by Maxime Macenauer and loses puck.
3:18 of 1st period - Henrik Samuelsson is hit by Brett Seney and loses puck.
3:35 of 1st period - Danny Biega is hit by Sam Bennett.
4:51 of 1st period - Off-side.
4:52 of 1st period - Maxime Macenauer wins face-off versus Max Gortz in neutral zone.
5:05 of 1st period - Wrist shot by Anthony Beauvillier.
5:05 of 1st period - Stopped by Juuse Saros without a rebound.
5:06 of 1st period - Anton Lander wins face-off versus Henrik Samuelsson in Mulligans zone.
5:06 of 1st period - Anton Lander is hit by Jonathan Drouin.
5:22 of 1st period - Wrist shot by Anton Lander.
5:22 of 1st period - Stopped by Connor Hellebyuk with a rebound.
5:44 of 1st period - Snap shot by Chrstian Dvorak.
5:44 of 1st period - Stopped by Juuse Saros without a rebound.
5:45 of 1st period - Antti Suomela wins face-off versus Maxime Macenauer in Mulligans zone.
6:10 of 1st period - Darren Dietz is hit by Jonathan Drouin and loses puck.
6:19 of 1st period - Snap shot by Joonas Donskoi.
6:19 of 1st period - Stopped by Connor Hellebyuk with a rebound.
6:33 of 1st period - Wrist shot by Mark Stone.
6:33 of 1st period - Deflect By Curtis Hamilton.
6:33 of 1st period - Shot Hit the Post.
6:33 of 1st period - Puck is out of play.
6:34 of 1st period - Denis Malgin wins face-off versus Anton Lander in Mulligans zone.
7:07 of 1st period - Off-side.
7:08 of 1st period - Anton Lander wins face-off versus Henrik Samuelsson in neutral zone.
7:19 of 1st period - Slapshot by Sven Baertschi.
7:19 of 1st period - Shot Misses the Net.
7:40 of 1st period - Antti Suomela is hit by Ben Hutton and loses puck.
8:32 of 1st period - Andrew O'Brien is hit by Dalton Thrower and loses puck.
8:51 of 1st period - Snap shot by Maxime Macenauer.
8:51 of 1st period - Stopped by Connor Hellebyuk without a rebound.
8:52 of 1st period - Maxime Macenauer wins face-off versus Henrik Samuelsson in Mustangs zone.
8:55 of 1st period - Snap shot by Maxime Macenauer.
8:55 of 1st period - Shot Misses the Net.
8:57 of 1st period - Slapshot by Brandon Carlo.
8:57 of 1st period - Deflect By Maxime Macenauer.
8:57 of 1st period - Stopped by Connor Hellebyuk with a rebound.
8:59 of 1st period - Snap shot by Maxime Macenauer.
8:59 of 1st period - Shot Misses the Net.
9:01 of 1st period - Snap shot by Brandon Carlo.
9:01 of 1st period - Deflect By Sam Bennett.
9:01 of 1st period - Shot Misses the Net.
9:01 of 1st period - Puck is out of play.
9:02 of 1st period - Jonathan Drouin wins face-off versus Anton Lander in Mustangs zone.
10:03 of 1st period - Maxime Macenauer is hit by Denis Malgin and loses puck.
10:55 of 1st period - Snap shot by Joonas Donskoi.
10:55 of 1st period - Stopped by Connor Hellebyuk with a rebound.
11:14 of 1st period - Slapshot by Jordan Schmaltz.
11:14 of 1st period - Deflect By Joonas Donskoi.
11:14 of 1st period - Stopped by Juuse Saros with a rebound.
11:24 of 1st period - Wrist shot by Jonathan Drouin.
11:24 of 1st period - Deflect By Craig Smith.
11:24 of 1st period - Stopped by Juuse Saros without a rebound.
11:25 of 1st period - Henrik Samuelsson wins face-off versus Anton Lander in Mulligans zone.
11:26 of 1st period - Wrist shot by Jonathan Drouin.
11:26 of 1st period - Stopped by Juuse Saros with a rebound.
11:48 of 1st period - Backhand shot by Antti Suomela.
11:48 of 1st period - Stopped by Juuse Saros with a rebound.
13:14 of 1st period - Jordan Schmaltz is hit by Maxime Macenauer and loses puck.
13:59 of 1st period - Reid Boucher is hit by Jonathan Drouin and loses puck.
14:41 of 1st period - Slapshot by Maxime Macenauer.
14:41 of 1st period - Stopped by Connor Hellebyuk with a rebound.
14:55 of 1st period - Slapshot by Craig Smith.
14:55 of 1st period - Shot Misses the Net.
16:02 of 1st period - Slapshot by Brett Seney.
16:02 of 1st period - Shot Misses the Net.
16:04 of 1st period - Wrist shot by Conor Garland.
16:04 of 1st period - Stopped by Connor Hellebyuk with a rebound.
16:06 of 1st period - Snap shot by Brett Seney.
16:06 of 1st period - Deflect By Jonny Brodzinski.
16:06 of 1st period - Shot Misses the Net.
16:06 of 1st period - Puck is out of play.
16:07 of 1st period - Henrik Samuelsson wins face-off versus Anton Lander in Mustangs zone.
16:26 of 1st period - Wrist shot by Henrik Samuelsson.
16:26 of 1st period - Stopped by Juuse Saros with a rebound.
16:28 of 1st period - Snap shot by Jonathan Drouin.
16:28 of 1st period - Deflect By Logan Shaw.
16:28 of 1st period - Shot Blocked by Robbie Russo.
16:28 of 1st period - Puck is out of play.
16:29 of 1st period - Antti Suomela wins face-off versus Sam Bennett in Mulligans zone.
16:34 of 1st period - Wrist shot by Josh Jooris.
16:34 of 1st period - Stopped by Juuse Saros with a rebound.
16:36 of 1st period - Backhand shot by Will Butcher.
16:36 of 1st period - Deflect By Chrstian Dvorak.
16:36 of 1st period - Shot Misses the Net.
16:36 of 1st period - Puck is out of play.
16:37 of 1st period - Josh Jooris wins face-off versus Maxime Macenauer in Mulligans zone.
16:40 of 1st period - Slapshot by Josh Jooris.
16:40 of 1st period - Stopped by Juuse Saros with a rebound.
16:42 of 1st period - Wrist shot by Antti Suomela.
16:42 of 1st period - Shot Misses the Net.
16:44 of 1st period - Wrist shot by Chrstian Dvorak.
16:44 of 1st period - Shot Misses the Net.
16:46 of 1st period - Snap shot by Josh Jooris.
16:46 of 1st period - Stopped by Juuse Saros with a rebound.
16:48 of 1st period - Snap shot by Chrstian Dvorak.
16:48 of 1st period - Shot Blocked by Brandon Carlo.
16:50 of 1st period - Wrist shot by Chrstian Dvorak.
16:50 of 1st period - Stopped by Juuse Saros without a rebound.
16:51 of 1st period - Anton Lander wins face-off versus Henrik Samuelsson in Mulligans zone.
16:51 of 1st period - Anton Lander is hit by Jonathan Drouin.
17:05 of 1st period - Anton Lander is hit by Jonathan Drouin.
17:17 of 1st period - Valeri Nichushkin is hit by Chrstian Dvorak and loses puck.
17:48 of 1st period - Slapshot by Will Butcher.
17:48 of 1st period - Shot Blocked by Darren Dietz.
17:50 of 1st period - Slapshot by Scott Mayfield.
17:50 of 1st period - Shot Misses the Net.
18:00 of 1st period - Andrew O'Brien is hit by Dalton Thrower and loses puck.
18:05 of 1st period - Slapshot by Darren Dietz.
18:05 of 1st period - Stopped by Connor Hellebyuk without a rebound.
18:06 of 1st period - Anton Lander wins face-off versus Antti Suomela in Mustangs zone.
18:07 of 1st period - Snap shot by Logan Shaw.
18:07 of 1st period - Deflect By Anton Lander.
18:07 of 1st period - Shot Misses the Net.
18:07 of 1st period - Puck is out of play.
18:08 of 1st period - Anton Lander wins face-off versus Antti Suomela in Mustangs zone.
18:11 of 1st period - Wrist shot by Sven Baertschi.
18:11 of 1st period - Stopped by Connor Hellebyuk without a rebound.
18:12 of 1st period - Antti Suomela wins face-off versus Anton Lander in Mustangs zone.
18:25 of 1st period - Snap shot by Sven Baertschi.
18:25 of 1st period - Stopped by Connor Hellebyuk with a rebound.
18:56 of 1st period - Off-side.
18:57 of 1st period - Denis Malgin wins face-off versus Robby Fabbri in neutral zone.
19:34 of 1st period - Craig Smith is hit by Ilya Lyubushkin and loses puck.
Goals for this period are 0 for Mulligans vs 0 for Mustangs.
Shots for this period are 11 for Mulligans vs 14 for Mustangs.
2nd period
0:01 of 2nd period - Henrik Samuelsson wins face-off versus Anton Lander in neutral zone.
0:04 of 2nd period - Brandon Carlo is hit by Scott Mayfield and loses puck.
0:09 of 2nd period - Snap shot by Craig Smith.
0:09 of 2nd period - Goal by Craig Smith - Mulligans : 0 - Mustangs : 1.
0:10 of 2nd period - Anton Lander wins face-off versus Henrik Samuelsson in neutral zone.
0:56 of 2nd period - Scott Mayfield is hit by Dalton Thrower and loses puck.
1:05 of 2nd period - Wrist shot by Joonas Donskoi.
1:05 of 2nd period - Shot Misses the Net.
3:32 of 2nd period - Dalton Thrower is hit by Dakota Mermis and loses puck.
4:17 of 2nd period - Wrist shot by Brett Seney.
4:17 of 2nd period - Stopped by Connor Hellebyuk without a rebound.
4:18 of 2nd period - Henrik Samuelsson wins face-off versus Jonny Brodzinski in Mustangs zone.
4:25 of 2nd period - Slapshot by Henrik Samuelsson.
4:25 of 2nd period - Shot Misses the Net.
5:02 of 2nd period - Ben Hutton is hit by Josh Jooris and loses puck.
5:36 of 2nd period - Off-side.
5:37 of 2nd period - Anton Lander wins face-off versus Henrik Samuelsson in neutral zone.
5:46 of 2nd period - Snap shot by Logan Shaw.
5:46 of 2nd period - Shot Blocked by Will Butcher.
5:48 of 2nd period - Slapshot by Sven Baertschi.
5:48 of 2nd period - Shot Blocked by Scott Mayfield.
5:50 of 2nd period - Wrist shot by Sven Baertschi.
5:50 of 2nd period - Stopped by Connor Hellebyuk without a rebound.
5:51 of 2nd period - Antti Suomela wins face-off versus Sven Baertschi in Mustangs zone.
6:16 of 2nd period - Will Butcher is hit by Dalton Thrower and loses puck.
6:23 of 2nd period - Snap shot by Sam Bennett.
6:23 of 2nd period - Stopped by Connor Hellebyuk without a rebound.
6:24 of 2nd period - Valeri Nichushkin wins face-off versus Henrik Samuelsson in Mustangs zone.
6:34 of 2nd period - Minor Penalty to Craig Smith for Tripping.
6:35 of 2nd period - Curtis Hamilton wins face-off versus Anton Lander in Mustangs zone.
6:45 of 2nd period - Wrist shot by Logan Shaw.
6:45 of 2nd period - Stopped by Connor Hellebyuk without a rebound.
6:46 of 2nd period - Anton Lander wins face-off versus Curtis Hamilton in Mustangs zone.
8:18 of 2nd period - Brandon Carlo is hit by Henrik Samuelsson and loses puck.
8:34 of 2nd period - Penalty to Craig Smith is over, Craig Smith is back on ice.
9:18 of 2nd period - Off-side.
9:19 of 2nd period - Robby Fabbri wins face-off versus Antti Suomela in neutral zone.
9:26 of 2nd period - Dalton Thrower is hit by Chrstian Dvorak.
9:34 of 2nd period - Backhand shot by Robby Fabbri.
9:34 of 2nd period - Stopped by Connor Hellebyuk without a rebound.
9:35 of 2nd period - Anton Lander wins face-off versus Henrik Samuelsson in Mustangs zone.
9:44 of 2nd period - Wrist shot by Anton Lander.
9:44 of 2nd period - Shot Misses the Net.
10:21 of 2nd period - Snap shot by Josh Jooris.
10:21 of 2nd period - Shot Misses the Net.
10:39 of 2nd period - Anthony Beauvillier is hit by Anton Lander and loses puck.
10:50 of 2nd period - Wrist shot by Sven Baertschi.
10:50 of 2nd period - Stopped by Connor Hellebyuk without a rebound.
10:51 of 2nd period - Maxime Macenauer wins face-off versus Antti Suomela in Mustangs zone.
10:52 of 2nd period - Wrist shot by Sam Bennett.
10:52 of 2nd period - Shot Misses the Net.
10:59 of 2nd period - Off-side.
11:00 of 2nd period - Maxime Macenauer wins face-off versus Chrstian Dvorak in neutral zone.
11:03 of 2nd period - Slapshot by Ben Hutton.
11:03 of 2nd period - Shot Misses the Net.
11:05 of 2nd period - Slapshot by Maxime Macenauer.
11:05 of 2nd period - Shot Blocked by Antti Suomela.
11:07 of 2nd period - Wrist shot by Valeri Nichushkin.
11:07 of 2nd period - Stopped by Connor Hellebyuk with a rebound.
11:09 of 2nd period - Snap shot by Sam Bennett.
11:09 of 2nd period - Deflect By Maxime Macenauer.
11:09 of 2nd period - Deflect By Chrstian Dvorak.
11:09 of 2nd period - Stopped by Connor Hellebyuk without a rebound.
11:10 of 2nd period - Henrik Samuelsson wins face-off versus Anton Lander in Mustangs zone.
11:17 of 2nd period - Slapshot by Henrik Samuelsson.
11:17 of 2nd period - Shot Blocked by Sven Baertschi.
11:40 of 2nd period - Minor Penalty to Antti Suomela for Slashing.
11:41 of 2nd period - Craig Smith wins face-off versus Anton Lander in Mustangs zone.
11:49 of 2nd period - Snap shot by Craig Smith.
11:49 of 2nd period - Deflect By Josh Jooris.
11:49 of 2nd period - Stopped by Juuse Saros without a rebound.
11:50 of 2nd period - Craig Smith wins face-off versus Anton Lander in Mulligans zone.
11:53 of 2nd period - Wrist shot by Craig Smith.
11:53 of 2nd period - Stopped by Juuse Saros without a rebound.
11:54 of 2nd period - Craig Smith wins face-off versus Anton Lander in Mulligans zone.
11:57 of 2nd period - Slapshot by Will Butcher.
11:57 of 2nd period - Deflect By Josh Jooris.
11:57 of 2nd period - Shot Misses the Net.
11:57 of 2nd period - Puck is out of play.
11:58 of 2nd period - Anton Lander wins face-off versus Craig Smith in Mulligans zone.
12:11 of 2nd period - Slapshot by Anton Lander.
12:11 of 2nd period - Shot Misses the Net.
12:13 of 2nd period - Backhand shot by Ben Hutton.
12:13 of 2nd period - Shot Misses the Net.
13:30 of 2nd period - Sven Baertschi is hit by Will Butcher and loses puck.
13:40 of 2nd period - Penalty to Antti Suomela is over, Antti Suomela is back on ice.
13:45 of 2nd period - Snap shot by Conor Garland.
13:45 of 2nd period - Shot Misses the Net.
13:47 of 2nd period - Slapshot by Robbie Russo.
13:47 of 2nd period - Shot Blocked by Antti Suomela.
13:49 of 2nd period - Slapshot by Jonny Brodzinski.
13:49 of 2nd period - Deflect By Scott Mayfield.
13:49 of 2nd period - Shot Blocked by Will Butcher.
13:49 of 2nd period - Puck is out of play.
13:50 of 2nd period - Henrik Samuelsson wins face-off versus Jonny Brodzinski in Mustangs zone.
14:27 of 2nd period - Slapshot by Jonathan Drouin.
14:27 of 2nd period - Stopped by Juuse Saros with a rebound.
14:29 of 2nd period - Wrist shot by Henrik Samuelsson.
14:29 of 2nd period - Stopped by Juuse Saros with a rebound.
14:35 of 2nd period - Snap shot by Jonathan Drouin.
14:35 of 2nd period - Stopped by Juuse Saros with a rebound.
15:07 of 2nd period - Snap shot by Conor Garland.
15:07 of 2nd period - Shot Misses the Net.
15:21 of 2nd period - Backhand shot by Jonny Brodzinski.
15:21 of 2nd period - Stopped by Connor Hellebyuk with a rebound.
15:27 of 2nd period - Brett Seney is hit by Craig Smith and loses puck.
16:06 of 2nd period - Wrist shot by Jonny Brodzinski.
16:06 of 2nd period - Shot Blocked by Dakota Mermis.
16:27 of 2nd period - Wrist shot by Jonny Brodzinski.
16:27 of 2nd period - Goal by Jonny Brodzinski - Mulligans : 1 - Mustangs : 1.
16:28 of 2nd period - Anton Lander wins face-off versus Antti Suomela in neutral zone.
16:31 of 2nd period - Wrist shot by Anton Lander.
16:31 of 2nd period - Stopped by Connor Hellebyuk with a rebound.
16:33 of 2nd period - Slapshot by Ben Hutton.
16:33 of 2nd period - Shot Blocked by Will Butcher.
16:43 of 2nd period - Snap shot by Logan Shaw.
16:43 of 2nd period - Shot Misses the Net.
16:53 of 2nd period - Maxime Macenauer is hit by Mark Stone and loses puck.
17:12 of 2nd period - Slapshot by Jordan Schmaltz.
17:12 of 2nd period - Stopped by Juuse Saros without a rebound.
17:13 of 2nd period - Robby Fabbri wins face-off versus Antti Suomela in Mulligans zone.
17:26 of 2nd period - Wrist shot by Reid Boucher.
17:26 of 2nd period - Stopped by Connor Hellebyuk with a rebound.
17:52 of 2nd period - Sam Bennett is hit by Chrstian Dvorak.
19:11 of 2nd period - Anthony Beauvillier is hit by Robby Fabbri and loses puck.
Goals for this period are 1 for Mulligans vs 1 for Mustangs.
Shots for this period are 12 for Mulligans vs 7 for Mustangs.
3rd period
0:01 of 3rd period - Henrik Samuelsson wins face-off versus Logan Shaw in neutral zone.
0:26 of 3rd period - Maxime Macenauer is hit by Scott Mayfield and loses puck.
1:11 of 3rd period - Darren Dietz is hit by Nick Schmaltz.
1:32 of 3rd period - Wrist shot by Logan Shaw.
1:32 of 3rd period - Deflect By Josh Jooris.
1:32 of 3rd period - Stopped by Connor Hellebyuk without a rebound.
1:33 of 3rd period - Anton Lander wins face-off versus Denis Malgin in Mustangs zone.
2:06 of 3rd period - Wrist shot by Maxime Macenauer.
2:06 of 3rd period - Stopped by Connor Hellebyuk with a rebound.
2:08 of 3rd period - Snap shot by Sam Bennett.
2:08 of 3rd period - Stopped by Connor Hellebyuk without a rebound.
2:09 of 3rd period - Henrik Samuelsson wins face-off versus Maxime Macenauer in Mustangs zone.
2:43 of 3rd period - Off-side.
2:44 of 3rd period - Henrik Samuelsson wins face-off versus Anton Lander in neutral zone.
3:11 of 3rd period - Jordan Schmaltz is hit by Robby Fabbri and loses puck.
3:18 of 3rd period - Slapshot by Antti Suomela.
3:18 of 3rd period - Goal by Antti Suomela - Mulligans : 1 - Mustangs : 2.
3:19 of 3rd period - Anton Lander wins face-off versus Henrik Samuelsson in neutral zone.
3:22 of 3rd period - Slapshot by Ben Hutton.
3:22 of 3rd period - Deflect By Sven Baertschi.
3:22 of 3rd period - Shot Misses the Net.
3:22 of 3rd period - Puck is out of play.
3:23 of 3rd period - Henrik Samuelsson wins face-off versus Anton Lander in Mustangs zone.
5:12 of 3rd period - Sam Bennett is hit by Jordan Schmaltz and loses puck.
5:17 of 3rd period - Wrist shot by Mark Stone.
5:17 of 3rd period - Shot Misses the Net.
6:04 of 3rd period - Curtis Hamilton is hit by Logan Shaw.
6:08 of 3rd period - Logan Shaw is hit by Mark Stone and loses puck.
6:33 of 3rd period - Icing by Robbie Russo.
6:34 of 3rd period - Joonas Donskoi wins face-off versus Denis Malgin in Mulligans zone.
7:06 of 3rd period - Snap shot by Logan Shaw.
7:06 of 3rd period - Shot Misses the Net.
7:22 of 3rd period - Scott Mayfield is hit by Brandon Carlo and loses puck.
7:29 of 3rd period - Snap shot by Brett Seney.
7:29 of 3rd period - Stopped by Connor Hellebyuk with a rebound.
7:31 of 3rd period - Slapshot by Darren Dietz.
7:31 of 3rd period - Shot Misses the Net.
7:33 of 3rd period - Snap shot by Darren Dietz.
7:33 of 3rd period - Stopped by Connor Hellebyuk without a rebound.
7:34 of 3rd period - Antti Suomela wins face-off versus Anton Lander in Mustangs zone.
7:39 of 3rd period - Logan Shaw is hit by Andrew O'Brien and loses puck.
8:08 of 3rd period - Slapshot by Jonathan Drouin.
8:08 of 3rd period - Stopped by Juuse Saros with a rebound.
8:22 of 3rd period - Snap shot by Robby Fabbri.
8:22 of 3rd period - Shot Misses the Net.
8:24 of 3rd period - Snap shot by Joonas Donskoi.
8:24 of 3rd period - Shot Misses the Net.
8:26 of 3rd period - Wrist shot by Joonas Donskoi.
8:26 of 3rd period - Shot Misses the Net.
8:28 of 3rd period - Slapshot by Darren Dietz.
8:28 of 3rd period - Shot Misses the Net.
8:30 of 3rd period - Slapshot by Dalton Thrower.
8:30 of 3rd period - Stopped by Connor Hellebyuk with a rebound.
8:32 of 3rd period - Snap shot by Reid Boucher.
8:32 of 3rd period - Deflect By Joonas Donskoi.
8:32 of 3rd period - Deflect By Will Butcher.
8:32 of 3rd period - Stopped by Connor Hellebyuk with a rebound.
8:42 of 3rd period - Wrist shot by Jonny Brodzinski.
8:42 of 3rd period - Shot Misses the Net.
8:48 of 3rd period - Chrstian Dvorak is hit by Conor Garland and loses puck.
9:12 of 3rd period - Off-side.
9:13 of 3rd period - Anton Lander wins face-off versus Craig Smith in neutral zone.
9:17 of 3rd period - Minor Penalty to Andrew O'Brien for Interference.
9:18 of 3rd period - Anton Lander wins face-off versus Craig Smith in Mustangs zone.
9:19 of 3rd period - Snap shot by Sven Baertschi.
9:19 of 3rd period - Deflect By Anton Lander.
9:19 of 3rd period - Shot Misses the Net.
9:19 of 3rd period - Puck is out of play.
9:20 of 3rd period - Anton Lander wins face-off versus Craig Smith in Mustangs zone.
9:35 of 3rd period - Slapshot by Brandon Carlo.
9:35 of 3rd period - Deflect By Craig Smith.
9:35 of 3rd period - Stopped by Connor Hellebyuk with a rebound.
10:14 of 3rd period - Icing by Darren Dietz.
10:15 of 3rd period - Maxime Macenauer wins face-off versus Mark Stone in Mulligans zone.
10:20 of 3rd period - Jonathan Drouin is hit by Sam Bennett and loses puck.
11:17 of 3rd period - Penalty to Andrew O'Brien is over, Andrew O'Brien is back on ice.
11:43 of 3rd period - Antti Suomela is hit by Robby Fabbri and loses puck.
11:56 of 3rd period - Slapshot by Darren Dietz.
11:56 of 3rd period - Shot Blocked by Dakota Mermis.
11:58 of 3rd period - Wrist shot by Maxime Macenauer.
11:58 of 3rd period - Shot Misses the Net.
12:15 of 3rd period - Wrist shot by Nick Schmaltz.
12:15 of 3rd period - Stopped by Juuse Saros with a rebound.
12:17 of 3rd period - Slapshot by Danny Biega.
12:17 of 3rd period - Shot Misses the Net.
12:19 of 3rd period - Wrist shot by Dakota Mermis.
12:19 of 3rd period - Stopped by Juuse Saros with a rebound.
12:21 of 3rd period - Snap shot by Nick Schmaltz.
12:21 of 3rd period - Stopped by Juuse Saros with a rebound.
12:33 of 3rd period - Antti Suomela is hit by Conor Garland and loses puck.
13:35 of 3rd period - Icing by Denis Malgin.
13:36 of 3rd period - Antti Suomela wins face-off versus Maxime Macenauer in Mustangs zone.
15:01 of 3rd period - Conor Garland is hit by Chrstian Dvorak and loses puck.
15:28 of 3rd period - Snap shot by Logan Shaw.
15:28 of 3rd period - Stopped by Connor Hellebyuk without a rebound.
15:29 of 3rd period - Antti Suomela wins face-off versus Sven Baertschi in Mustangs zone.
15:45 of 3rd period - Icing by Jordan Schmaltz.
15:46 of 3rd period - Jonathan Drouin wins face-off versus Joonas Donskoi in Mustangs zone.
15:46 of 3rd period - Jonathan Drouin is hit by Joonas Donskoi.
16:16 of 3rd period - Snap shot by Henrik Samuelsson.
16:16 of 3rd period - Stopped by Juuse Saros without a rebound.
16:17 of 3rd period - Antti Suomela wins face-off versus Anton Lander in Mulligans zone.
16:44 of 3rd period - Curtis Hamilton is hit by Dalton Thrower and loses puck.
17:17 of 3rd period - Wrist shot by Logan Shaw.
17:17 of 3rd period - Stopped by Connor Hellebyuk without a rebound.
17:18 of 3rd period - Anton Lander wins face-off versus Henrik Samuelsson in Mustangs zone.
17:43 of 3rd period - Jordan Schmaltz is hit by Darren Dietz and loses puck.
17:52 of 3rd period - Slapshot by Joonas Donskoi.
17:52 of 3rd period - Shot Blocked by Antti Suomela.
18:11 of 3rd period - Dakota Mermis is hit by Sam Bennett and loses puck.
18:48 of 3rd period - Mulligans, Juuse Saros is pulled from the net.
18:52 of 3rd period - Wrist shot by Logan Shaw.
18:52 of 3rd period - Stopped by Connor Hellebyuk with a rebound.
18:54 of 3rd period - Wrist shot by Sven Baertschi.
18:54 of 3rd period - Deflect By Anton Lander.
18:54 of 3rd period - Stopped by Connor Hellebyuk with a rebound.
18:56 of 3rd period - Slapshot by Ilya Lyubushkin.
18:56 of 3rd period - Deflect By Craig Smith.
18:56 of 3rd period - Stopped by Connor Hellebyuk with a rebound.
18:58 of 3rd period - Slapshot by Robbie Russo.
18:58 of 3rd period - Shot Blocked by Scott Mayfield.
19:00 of 3rd period - Wrist shot by Sven Baertschi.
19:00 of 3rd period - Goal by Sven Baertschi - Mulligans : 2 - Mustangs : 2.
19:00 of 3rd period - Juuse Saros from Mulligans was sent back in the game.
19:01 of 3rd period - Henrik Samuelsson wins face-off versus Robby Fabbri in neutral zone.
19:03 of 3rd period - Minor Penalty to Scott Mayfield for Hooking.
19:04 of 3rd period - Craig Smith wins face-off versus Anton Lander in Mustangs zone.
19:37 of 3rd period - Snap shot by Mark Stone.
19:37 of 3rd period - Shot Misses the Net.
19:39 of 3rd period - Slapshot by Andrew O'Brien.
19:39 of 3rd period - Stopped by Juuse Saros without a rebound.
19:40 of 3rd period - Maxime Macenauer wins face-off versus Mark Stone in Mulligans zone.
19:47 of 3rd period - Wrist shot by Sam Bennett.
19:47 of 3rd period - Stopped by Connor Hellebyuk without a rebound.
19:48 of 3rd period - Anton Lander wins face-off versus Craig Smith in Mustangs zone.
Goals for this period are 1 for Mulligans vs 1 for Mustangs.
Shots for this period are 15 for Mulligans vs 7 for Mustangs.
Overtime #1
0:01 of 1st overtime period - Craig Smith wins face-off versus Anton Lander in neutral zone.
0:18 of 1st overtime period - Craig Smith is hit by Logan Shaw and loses puck.
1:03 of 1st overtime period - Penalty to Scott Mayfield is over, Scott Mayfield is back on ice.
1:41 of 1st overtime period - Wrist shot by Josh Jooris.
1:41 of 1st overtime period - Stopped by Juuse Saros without a rebound.
1:42 of 1st overtime period - Max Gortz wins face-off versus Robby Fabbri in Mulligans zone.
2:13 of 1st overtime period - Logan Shaw is hit by Josh Jooris and loses puck.
2:47 of 1st overtime period - Sven Baertschi is hit by Josh Jooris and loses puck.
4:03 of 1st overtime period - Robbie Russo is hit by Josh Jooris and loses puck.
4:39 of 1st overtime period - Snap shot by Mark Stone.
4:39 of 1st overtime period - Shot Misses the Net.
4:41 of 1st overtime period - Slapshot by Jordan Schmaltz.
4:41 of 1st overtime period - Shot Misses the Net.
Goals for this period are 0 for Mulligans vs 0 for Mustangs.
Shots for this period are 0 for Mulligans vs 1 for Mustangs.
ShootOut
5:00 of 1st overtime period - Round #1.
5:00 of 1st overtime period - Mulligans, Anton Lander.
5:00 of 1st overtime period - Snap shot by Anton Lander.
5:00 of 1st overtime period - Stopped by Connor Hellebyuk.
5:00 of 1st overtime period - Mustangs, Craig Smith.
5:00 of 1st overtime period - Wrist shot by Craig Smith.
5:00 of 1st overtime period - Goal by Craig Smith.
5:00 of 1st overtime period - Round #2.
5:00 of 1st overtime period - Mulligans, Logan Shaw.
5:00 of 1st overtime period - Deke by Logan Shaw.
5:00 of 1st overtime period - Stopped by Connor Hellebyuk.
5:00 of 1st overtime period - Mustangs, Josh Jooris.
5:00 of 1st overtime period - Wrist shot by Josh Jooris.
5:00 of 1st overtime period - Stopped by Juuse Saros.
5:00 of 1st overtime period - Round #3.
5:00 of 1st overtime period - Mulligans, Maxime Macenauer.
5:00 of 1st overtime period - Deke by Maxime Macenauer.
5:00 of 1st overtime period - Stopped by Connor Hellebyuk.